Map: Triton LE

Players

AGiantSmurf - Winner!

  • Race: Protoss Protoss
  • League: Master
  • Spawn Location: 5:00

Bioice

  • Race: Zerg Zerg
  • League: Master
  • Spawn Location: 11:00

VOD

Have the link to the VOD?

Description

Time

  • Played on: Aug. 27, 2019, 11:07 p.m.
  • Length: 12:13
Show
View Real Time Build Order
Export as new Build Order

AGiantSmurf Protoss - Winner!

Build Orders: 1 Gate Expand, Dark Templar Rush 

Get SALT Encoding   

  12  0:00  Probe  
  13  0:13  Probe  
  14  0:17  Pylon  
  14  0:24  Probe  
  15  0:32  Probe  
  15  0:38  Gateway  
  15  0:40  Probe  
  16  0:47  Assimilator  
  17  0:51  Probe  
  18  1:03  Probe  
  19  1:15  Probe  
  20  1:24  Nexus  
  20  1:35  Cybernetics Core  
  20  1:36  Probe  
  21  1:46  Assimilator  
  21  1:48  Probe  
  21  1:52  Pylon  
  22  2:00  Probe  
  23  2:01  Adept  
  23  2:12  Warp Gate, Probe  
  26  2:24  Probe  
  26  2:28  Twilight Council  
  27  2:32  Probe  
  27  2:33  Probe  
  29  2:40  Probe  
  29  2:42  Probe  
  29  2:49  Gateway  
  29  2:50  Pylon, Probe  
  31  2:53  Sentry  
  31  2:58  Probe  
  35  3:02  Probe  
  36  3:10  Probe  
  36  3:11  Dark Shrine  
  37  3:14  Probe  
  37  3:18  Forge  
  38  3:22  Probe  
  38  3:23  Probe  
  42  3:27  Sentry  
  42  3:31  Probe  
  42  3:34  Probe  
  42  3:35  Assimilator  
  42  3:37  Assimilator  
  42  3:41  Probe  
  44  3:46  Probe  
  46  3:53  Probe  
  46  3:55  Pylon  
  47  3:58  Probe  
  48  4:05  Probe  
  48  4:07  Stalker  
  51  4:10  Probe  
  51  4:15  Protoss Ground Weapons Level 1  
  52  4:17  Probe  
  52  4:22  Probe, Nexus  
  54  4:25  Pylon, Dark Templar  
  54  4:29  Probe  
  54  4:30  Dark Templar  
  59  4:34  Probe  
  60  4:41  Probe  
  61  4:47  Probe  
  62  4:53  Probe  
  62  4:55  Blink  
  62  4:59  Gateway, Probe  
  64  5:00  Gateway  
  64  5:01  Photon Cannon  
  64  5:02  Shield Battery  
  64  5:05  Probe  
  65  5:11  Probe  
  66  5:20  Probe  
  67  5:25  Robotics Facility  
  67  5:27  Gateway, Sentry  
  69  5:28  Gateway  
  69  5:30  Pylon  
  69  5:33  Photon Cannon, Pylon  
  69  5:36  Photon Cannon  
  69  5:45  Probe  
  69  5:46  Probe  
  69  5:47  Pylon  
  69  5:48  Probe  
  72  5:53  Sentry  
  74  5:57  Gateway x2, Probe  
  74  5:58  Probe  
  74  5:59  Stalker  
  74  6:00  Probe  
  74  6:03  Protoss Ground Weapons Level 2  
  79  6:07  Observer  
  79  6:09  Stalker  
  79  6:10  Probe x2, Stalker  
  85  6:12  Probe  
  87  6:19  Pylon  
  87  6:21  Pylon  
  87  6:25  Probe  
  88  6:33  Stalker x3  
  88  6:34  Stalker  
  88  6:36  Warp Prism  
  88  6:38  Assimilator  
  88  6:39  Assimilator  
  96  6:43  Stalker x2  
  102  6:52  Probe x2  
  104  6:57  Robotics Bay  
  104  7:01  Pylon  
  104  7:02  Gateway  
  104  7:05  Probe  
  104  7:07  Probe  
  106  7:19  Nexus  
  106  7:21  Pylon  
  106  7:23  Stalker  
  106  7:24  Stalker x3  
  106  7:25  Charge  
  114  7:33  Colossus  
  114  7:38  Extended Thermal Lance  
  114  7:41  Gateway  
  114  7:43  Gateway  
  114  7:46  Gateway  
  114  7:49  Stalker  
  114  7:50  Stalker  
  122  8:03  Stalker x5  
  130  8:21  Colossus  
  130  8:26  Stalker x5  
  146  8:35  Probe x4  
  146  8:50  Zealot  
  146  8:51  Zealot x5  
  142  9:00  Stalker  
  142  9:01  Stalker x5  
  142  9:02  Colossus  
  134  9:13  Photon Cannon  
  134  9:14  Photon Cannon  
  134  9:16  Photon Cannon  
  134  9:17  Templar Archives  
  140  9:32  Zealot  
  140  9:33  Zealot x8  
  150  9:38  Templar Archives  
  148  9:47  Observer  
  148  9:53  Sentry x4  
  148  9:56  Observer  
  148  9:57  Pylon x2  
  148  9:59  Pylon  
  155  10:16  High Templar x4  
  163  10:25  Stalker x2  
  163  10:26  Stalker x4  
  163  10:28  Zealot x2  
  175  10:50  Stalker x2  
  175  10:56  Pylon  
  175  10:57  Pylon x4  
  163  11:16  Stalker x5  
  163  11:17  Stalker x7  
  129  11:38  Probe x2  
  129  11:39  Probe  
  138  11:41  Assimilator x2  
  138  11:44  Zealot x6  
  138  11:45  Zealot x2  
  138  11:46  Zealot x3  
  160  11:47  Zealot  
  160  11:48  Nexus  
  160  11:51  Pylon  
  160  11:53  Pylon  
  152  12:07  Stalker x8  
  152  12:08  Stalker x2  
Show
View Real Time Build Order
Export as new Build Order

Bioice Zerg 

Build Orders: Hatch First, Swarm Host 

Get SALT Encoding   

  12  0:01  Drone  
  13  0:13  Overlord  
  13  0:17  Drone  
  14  0:32  Drone x2  
  16  0:49  Hatchery  
  15  0:52  Drone  
  15  0:54  Drone  
  17  1:00  Drone  
  18  1:07  Extractor  
  17  1:15  Spawning Pool  
  17  1:17  Drone  
  17  1:20  Drone  
  18  1:29  Drone  
  19  1:39  Drone  
  20  1:53  Drone  
  21  2:02  Queen x2  
  21  2:03  Drone x2  
  27  2:14  Hatchery  
  26  2:19  Overlord  
  26  2:26  Drone x2  
  28  2:34  Metabolic Boost  
  28  2:38  Zergling x4  
  28  2:41  Drone  
  31  2:44  Queen  
  31  2:50  Overlord  
  33  2:53  Drone  
  33  2:54  Drone  
  35  2:59  Drone  
  35  3:05  Overlord  
  36  3:13  Drone x3  
  36  3:14  Overlord  
  36  3:17  Drone x3  
  42  3:23  Zergling x2  
  42  3:26  Queen  
  45  3:29  Drone x2  
  45  3:32  Drone  
  48  3:35  Drone  
  48  3:37  Drone  
  48  3:40  Drone  
  48  3:41  Drone x2  
  53  3:43  Drone  
  53  3:44  Drone x2  
  53  3:46  Drone  
  57  3:51  Drone x2  
  57  3:54  Drone  
  60  3:58  Overlord  
  60  3:59  Drone  
  61  4:03  Drone  
  61  4:04  Roach Warren  
  61  4:08  Extractor  
  60  4:10  Extractor  
  60  4:13  Overlord  
  60  4:16  Drone x5  
  64  4:19  Drone x2  
  64  4:23  Overlord, Lair  
  66  4:28  Drone, Extractor  
  66  4:29  Overlord  
  66  4:30  Overlord  
  66  4:38  Drone x3  
  68  4:46  Overlord  
  68  4:48  Drone x3  
  71  4:55  Roach x5  
  71  4:59  Roach x2  
  84  5:08  Spore Crawler  
  78  5:14  Roach x3  
  78  5:20  Overseer  
  81  5:23  Roach  
  81  5:26  Spore Crawler  
  82  5:33  Spore Crawler  
  81  5:36  Drone  
  81  5:37  Drone x8  
  90  5:49  Extractor  
  89  5:50  Drone x4  
  89  5:51  Extractor  
  89  5:54  Infestation Pit  
  91  5:58  Overlord x2  
  91  6:03  Drone  
  92  6:05  Drone  
  92  6:09  Drone  
  92  6:10  Drone  
  95  6:17  Overlord  
  95  6:21  Drone x7  
  101  6:36  Swarm Host, Glial Reconstitution, Hatchery  
  101  6:37  Swarm Host x2, Nydus Network  
  108  6:41  Swarm Host  
  111  6:48  Swarm Host x2  
  111  6:53  Zergling x16  
  125  7:00  Swarm Host  
  128  7:03  Overlord x3  
  128  7:14  Extractor  
  127  7:16  Roach  
  127  7:18  Extractor  
  127  7:20  Overlord x2  
  127  7:23  Ravager x6  
  127  7:25  Zergling x20  
  143  7:36  Zergling x8  
  147  7:43  Overlord x2  
  147  7:46  Roach x5  
  147  7:47  Roach  
  157  8:00  Zergling x2  
  157  8:01  Zergling x16  
  154  8:13  Roach  
  154  8:14  Roach x6  
  166  8:21  Nydus Canal  
  166  8:22  Roach x3  
  172  8:30  Pathogen Glands  
  172  8:33  Zergling x2  
  172  8:34  Zergling x6  
  174  8:42  Roach x2  
  174  8:43  Roach  
  174  8:45  Spore Crawler  
  174  8:47  Spine Crawler  
  172  8:48  Roach  
  172  8:49  Roach x3  
  165  8:56  Roach x7  
  165  9:01  Roach  
  168  9:05  Roach  
  168  9:07  Overseer x2  
  166  9:10  Infestor x2  
  166  9:11  Infestor  
  172  9:17  Infestor  
  172  9:18  Infestor x2  
  172  9:20  Zergling x2  
  172  9:21  Zergling x4  
  181  9:28  Roach  
  183  9:41  Overlord  
  183  9:42  Neural Parasite  
  183  9:44  Overlord x2  
  182  9:58  Drone x3  
  183  10:04  Hive  
  183  10:05  Spire, Burrow  
  183  10:06  Infestor x2  
  186  10:08  Zergling x2  
  186  10:09  Zergling x18  
  186  10:13  Nydus Canal  
  196  10:15  Zergling x6  
  196  10:16  Zergling x2  
  200  10:26  Drone, Spine Crawler  
  200  10:41  Hatchery  
  199  10:57  Drone  
  153  11:18  Roach  
  153  11:19  Roach x9  
  155  11:29  Roach  
  155  11:30  Roach x9  
  155  11:31  Roach x3  
  147  11:43  Roach x4  
  155  11:53  Roach  
  155  11:54  Roach x3  
Tags
 
Add a new tag
Caveats
  • Supply blocks, unpowered buildings, or Contaminate may cause inaccurate times.
  • Supply counts are checked every 10 seconds.